[Event "Late-Titled-Tuesday-Blitz-October-03-2023"]
[Site "Chess.com"]
[Date "2023.10.03"]
[Round "5"]
[White "Good_Knight_Kiss"]
[Black "reevecanada"]
[Result "0-1"]
[WhiteElo "2425"]
[BlackElo "2563"]
[TimeControl "180+1"]
[EndTime "14:54:28 PDT"]
[Termination "reevecanada won on time"]

1. e4 c5 2. Nf3 d6 3. d4 cxd4 4. Nxd4 Nf6 5. Nc3 a6 6. h3 e5 7. Nde2 Be6 8. g4 d5 9. exd5 Nxd5 10. Bg2 Nxc3 11. Qxd8+ Kxd8 12. Nxc3 Nc6 13. Be3 Kc7 14. O-O-O Be7 15. f4 f6 16. Ne4 Rhd8 17. b3 Nb4 18. Bc5 Bxc5 19. Nxc5 Bd5 20. Bxd5 Rxd5 21. Rxd5 Nxd5 22.
fxe5 fxe5 23. Ne6+ Kb6 24. Nxg7 Rc8 25. Kb2 Ne3 26.
c4 Rf8 27. Re1 Rf2+ 28. Kc3 Rf3 29. Kd2 Ng2 30. Rxe5 Rxh3 31. Rh5 Rf3 32. Rxh7 Rf2+ 33. Kd3 Rxa2 34. Nf5 Rb2 35. Kc3 Rf2 36. Nd4 Rf4 37.
g5 Rg4 38. Rh6+ Ka7 39. g6 Nf4 40. Rh7 Nxg6 41. Nc6+ Kb6 42. Nb4 Rg3+ 43. Kb2 Ne5 44. Nd5+ Ka7 45. c5 Nd3+ 46. Kc3 Nxc5+ 47. Kc4 Nxb3 48. Nf6 Na5+ 49. Kd4 Nc6+ 50. Kd5 Rg5+ 51. Ke4 Re5+ 52. Kf4 Rb5 53. Ne4 a5 54. Ke3 Rb4 55. Kd3 a4 56. Nc3 a3 57. Kc2 Rb2+ 58. Kc1 Nb4 59. Rh4 Nd3+ 0-1

[Event "Late-Titled-Tuesday-Blitz-October-03-2023"]
[Site "Chess.com"]
[Date "2023.10.03"]
[Round "5"]
[White "FabianoCaruana"]
[Black "Rud_Makarian"]
[Result "1-0"]
[WhiteElo "3075"]
[BlackElo "2959"]
[TimeControl "180+1"]
[EndTime "14:54:32 PDT"]
[Termination "FabianoCaruana won on time"]

1. e4 c5 2. Nf3 Nc6 3. Bb5 e6 4. O-O Nge7 5. Re1 a6 6. Bf1 b6 7. c4 e5 8. Nc3 d6 9. d3 Ng6 10. Nd5 Be7 11. h3 O-O 12. Be3 f5 13. exf5 Bxf5 14.
Nd2 b5 15. g3 Rb8 16. Bg2 Kh8 17. h4 Bxh4 18. gxh4 Nxh4 19. cxb5 axb5 20. Be4 Bxe4 21.
dxe4 Qd7 22. Kh2 Nd4 23. Bxd4 cxd4 24. Kg3 g5 25. Qh5 Rf7 26. Rac1 Rbf8 27. Rc7 Qe6 28. Rxf7 Rxf7 29. Rc1 h6 30. f3 Kg7 31. Qg4 Qg6 32. Rc7 h5 33. Qc8 Rxc7 34. Qxc7+ Kh6 35. Qd8 Qg7 36. Qxd6+ Ng6 37. Qf6 Qa7 38. a3 d3 39.
Kg2 h4 40. Qe6 Kh5 41. Qg4+ Kh6 42. Qe6 Kg7 43. Qf6+ Kh6 44. Qd6 h3+ 45. Kxh3 Qf2 46. Ne7 Qf1+ 47. Nxf1 1-0

[Event "Late-Titled-Tuesday-Blitz-October-03-2023"]
[Site "Chess.com"]
[Date "2023.10.03"]
[Round "5"]
[White "shirovin"]
[Black "vanyakuba"]
[Result "0-1"]
[WhiteElo "2070"]
[BlackElo "2377"]
[TimeControl "180+1"]
[EndTime "14:54:34 PDT"]
[Termination "vanyakuba won on time"]

1. e4 d5 2. exd5 Qxd5 3. Nc3 Qa5 4. d4 Nf6 5. Bd2 c6 6. Bc4 Bf5 7. Nf3 e6 8. Qe2 Qc7 9. O-O-O Nbd7 10. Ne5 Nxe5 11.
dxe5 Nd5 12. g4 Bg6 13. f4 O-O-O 14. Rhf1 h5 15. f5 Bh7 16. h3 Be7 17. Ne4 Qxe5 18.
Bxd5 exd5 19. Nc3 Qxe2 20. Nxe2 Bd6 21. Bc3 f6 22. Nd4 Bg8 23. Rde1 Be5 24. Kd2 c5 25. Ne6 d4 26. Nxd8 dxc3+ 27. bxc3 Kxd8 28. Rd1 Bf7 29. Kc1+ Ke7 30. Rfe1 hxg4 31. hxg4 Rh4 32. Re4 c4 33. Kb2 b5 34. a3 Rh3 35. g5 Be8 36. gxf6+ gxf6 37. Rg1 Bc6 38. Re2 a5 39. Rg7+ Kd6 40.
Ra7 b4 41. axb4 axb4 42. Rd2+ Kc5 43. Ra5+ Bb5 44. Rf2 Bxc3+ 45. Ka2 b3+ 46. cxb3 cxb3+ 47. Ka3 Bb4+ 48. Kb2 Bxa5 49. Rg2 Bc4 50. Rg6 Bc3+ 51.
Kb1 Bd3+ 52. Kc1 Rh1+ 0-1

[Event "Late-Titled-Tuesday-Blitz-October-03-2023"]
[Site "Chess.com"]
[Date "2023.10.03"]
[Round "5"]
[White "vugarrasulov"]
[Black "dropstoneDP"]
[Result "1-0"]
[WhiteElo "2958"]
[BlackElo "3067"]
[TimeControl "180+1"]
[EndTime "14:54:36 PDT"]
[Termination "vugarrasulov won on time"]

1. e4 e5 2. Nf3 Nf6 3. Nc3 Nc6 4.
Bb5 Nd4 5. O-O c6 6. Ba4 Bd6 7. d3 Nxf3+ 8. Qxf3 O-O 9. Bb3 a5 10. a4 Be7 11. h3 d6 12. Be3 Be6 13. d4 Bxb3 14.
cxb3 exd4 15. Bxd4 Nd7 16. Qg3 Ne5 17. Bxe5 dxe5 18. Qxe5 Bf6 19. Qc5 Re8 20. Rad1 Qc8 21. Rfe1 Be5 22. Qc4 h6 23. Rd3 Qc7 24. Red1 Rad8 25.
Rxd8 Rxd8 26. Qe2 Rd6 27. g3 Qe7 28. Kg2 g6 29. Rd3 Rd4 30. f4 Rxd3 31. Qxd3 Bxc3 32. bxc3 Qa3 33. Qc2 b5 34. e5 bxa4 35. bxa4 Qc5 36. Qd3 Qa3 37. Qd8+ Kh7 38. Qxa5 Qa2+ 39. Kf3 Qh2 40.
Qc7 Qh1+ 41. Ke3 Qe1+ 42. Kd4 Qd1+ 43. Kc5 Qd5+ 44. Kb6 Qb3+ 45. Kxc6 Qxa4+ 46. Kd6 Kg7 47. c4 Qd1+ 48. Kc6 Qh1+ 49. Kd7 Qxh3+ 50. Kd8 h5 51. c5 h4 52. gxh4 Qxh4+ 53. Qe7 Qxf4 54. Qf6+ Qxf6+ 55. exf6+ Kxf6 56. c6 1-0

[Event "Late-Titled-Tuesday-Blitz-October-03-2023"]
[Site "Chess.com"]
[Date "2023.10.03"]
[Round "5"]
[White "kuli4ik"]
[Black "Grischuk"]
[Result "1-0"]
[WhiteElo "2937"]
[BlackElo "2998"]
[TimeControl "180+1"]
[EndTime "14:54:36 PDT"]
[Termination "kuli4ik won on time"]

1. Nf3 d5 2. d4 Nf6 3. Bf4 Bf5 4. e3 e6 5. Bd3 Bd6 6. Bg3 Ne4 7. Nbd2 O-O 8. O-O Nd7 9. Nh4 Nxg3 10. hxg3 Bxd3 11.
cxd3 c5 12. dxc5 Nxc5 13. d4 Nd7 14. Qb3 Qb6 15. Rfc1 Rfc8 16. Nhf3 a5 17. Qa4 Nf6 18.
Nb3 Ne4 19. Qd7 Rd8 20. Qa4 Qa6 21. Nbd2 Nf6 22. Qd1 a4 23. Rc2 Rdc8 24. Rac1 Rc6 25. Ne5 Bxe5 26. dxe5 Nd7 27. Nf3 Rac8 28. Nd4 Rc4 29.
b3 axb3 30. axb3 Rxc2 31. Rxc2 Qa8 32. f4 g6 33. g4 Rc5 34. Qc1 Qc8 35. Rxc5 Qxc5 36.
Qa1 Kg7 37. g5 Qb4 38. Qc1 Nc5 39. Kh2 h6 40. gxh6+ Kxh6 41. Qc2 Kg7 42. Qc1 b6 43. Kg3 Ne4+ 44. Kh2 Nc5 45. Kg3 Ne4+ 46. Kh2 Qc5 47. Qe1 Qe7 48. g3 Qc5 49. Kg2 Qa3 50. Qe2 Qc1 51. g4 Nc3 52. Qf2 Ne4 53. Qe2 Nc3 54. Qd3 1-0

[Event "Late-Titled-Tuesday-Blitz-October-03-2023"]
[Site "Chess.com"]
[Date "2023.10.03"]
[Round "5"]
[White "Bauman_Guy"]
[Black "Hilary46"]
[Result "1-0"]
[WhiteElo "2870"]
[BlackElo "2634"]
[TimeControl "180+1"]
[EndTime "14:54:36 PDT"]
[Termination "Bauman_Guy won by resignation"]

1. e4 e5 2. Nf3 Nc6 3. Bb5 a6 4. Ba4 Nf6 5. O-O Nxe4 6. d4 b5 7. Bb3 d5 8. dxe5 Be6 9. c3 Bc5 10. Nbd2 O-O 11. Bc2 Nxf2 12. Rxf2 f6 13. Nf1 Bxf2+ 14.
Kxf2 fxe5 15. Kg1 Qd6 16. Ng5 Bf5 17. Bb3 Rad8 18. Ne3 Ne7 19. Nxf5 Nxf5 20. Qe2 h6 21. Nf3 Rde8 22. Be3 Nxe3 23. Qxe3 e4 24. Nd2 c6 25.
Rf1 Rxf1+ 26. Nxf1 Kh8 27. Ng3 Rf8 28. Bd1 c5 29.
Bc2 Qf4 30. Qxf4 Rxf4 31. Bb3 c4 32. Bd1 Kg8 33. Ne2 Rf6 34. Nd4 Kf7 35. Bg4 Ke7 36.
h4 Kd6 37. a3 Ke5 38. g3 g6 39. Kg2 h5 40. Be2 Rb6 41. Kf2 a5 42. Ke3 Kd6 43. Nc2 Kc5 44. Kd2 Rf6 45. Ke3 Rf7 46. Nd4 b4 47. axb4+ axb4 48. Ne6+ Kd6 49. Nf4 bxc3 50. bxc3 Rf6 51. Kd4 Rf5 52. Bd1 g5 53. Nxh5 gxh4 54.
gxh4 Rf1 55. Be2 Rh1 56. Ng3 Rxh4 57. Nf5+ Ke6 58. Nxh4 Kd6 59. Ng2 1-0

[Event "Late-Titled-Tuesday-Blitz-October-03-2023"]
[Site "Chess.com"]
[Date "2023.10.03"]
[Round "5"]
[White "sergoy"]
[Black "Zhigalko_Sergei"]
[Result "0-1"]
[WhiteElo "3004"]
[BlackElo "2956"]
[TimeControl "180+1"]
[EndTime "14:54:38 PDT"]
[Termination "Zhigalko_Sergei won by resignation"]

1. d4 Nf6 2. c4 e6 3. Nc3 Bb4 4. a3 Bxc3+ 5. bxc3 O-O 6. e3 d6 7. Bd3 e5 8. Ne2 Re8 9. Ng3 e4 10. Be2 c5 11. O-O Nc6 12. f3 exf3 13. gxf3 d5 14. Rb1 dxc4 15. Bxc4 b6 16. Bb5 Bd7 17. e4 cxd4 18.
cxd4 Na5 19. Be2 Rc8 20. d5 Qe7 21. Qd4 Bh3 22. Re1 Nd7 23. Bb2 f6 24. f4 Nb3 25.
Qb4 Qxb4 26. axb4 Nd2 27. Bd1 Nxb1 28. e5 fxe5 29. fxe5 Nd2 30. Nh5 g6 31. Nf4 Bf5 32. e6 Nc4 33. Bd4 Nf8 34. h4 Rcd8 35. h5 Nxe6 36.
Nxe6 Bxe6 37. Bf6 Rxd5 38. Bb3 b5 39. h6 Rf5 40. Bg7 Kf7 41. Rd1 Rd5 42. Rf1+ Bf5 43.
Ra1 Re7 44. Ra6 Red7 45. Rf6+ Ke7 46. Ra6 R5d6 47. Ra1 Kf7 48. Re1 a6 49. Ra1 g5 50.
Rf1 Kg6 51. Re1 Re6 52. Rf1 Rde7 53. Kf2 Re2+ 54. Kg1 Re1 0-1

[Event "Late-Titled-Tuesday-Blitz-October-03-2023"]
[Site "Chess.com"]
[Date "2023.10.03"]
[Round "5"]
[White "jk13"]
[Black "FaustinoOro"]
[Result "1-0"]
[WhiteElo "2677"]
[BlackElo "2863"]
[TimeControl "180+1"]
[EndTime "14:54:39 PDT"]
[Termination "jk13 won by resignation"]

1. e4 c5 2. c3 Nf6 3. e5 Nd5 4. Bc4 Nb6 5. Bb3 Nc6 6. Nf3 d5 7. exd6 Qxd6 8. O-O g6 9. d4 cxd4 10. Qe2 Bg7 11. Na3 O-O 12. Nb5 Qb8 13. Nbxd4 Nxd4 14. Nxd4 e5 15. Nf3 Bf5 16. Re1 Qc7 17. a4 Nd7 18. Nh4 Nc5 19. Bc4 Bd7 20. a5 Bc6 21. Be3 Nd7 22.
Ba2 Rae8 23. Nf3 h6 24. Bxa7 Kh7 25. Nd2 f5 26. Bb3 e4 27. Bd4 Ne5 28. a6 bxa6 29. Rxa6 Nd3 30. Rea1 Re7 31. Bxg7 Kxg7 32. Bc4 Nxb2 33.
Bb5 Bd5 34. c4 Bf7 35. R1a2 Nd3 36. Qe3 Qe5 37. Nf1 f4 38. Qb6 e3 39. fxe3 fxe3 40. Re2 Nf4 41. Rxe3 Qg5 42. g3 Rfe8 43. Qd4+ Kh7 44.
Qxf4 Qc5 45. Ra3 Bg8 46. Kg2 Rf7 47. Qg4 Ref8 48. Rf3 h5 49. Qe4 Re7 50. Qd3 Rc8 51.
Qd2 Qe5 52. Rae3 Qc5 53. Rxe7+ Qxe7 54. Re3 Qc5 55. Qe2 Rf8 56. Re7+ Kh6 57. Qe3+ Qg5 58. h4 Qxe3 59. Nxe3 1-0

[Event "Late-Titled-Tuesday-Blitz-October-03-2023"]
[Site "Chess.com"]
[Date "2023.10.03"]
[Round "5"]
[White "Veiso"]
[Black "GoltsevDmitry2000"]
[Result "0-1"]
[WhiteElo "2405"]
[BlackElo "2688"]
[TimeControl "180+1"]
[EndTime "14:54:39 PDT"]
[Termination "GoltsevDmitry2000 won on time"]

1. e4 e6 2. d4 d5 3. Nc3 c5 4. exd5 exd5 5. Bb5+ Nc6 6. Nf3 Nf6 7. O-O Be7 8. dxc5 Bxc5 9. Re1+ Be6 10. Nd4 O-O 11. Be3 Bg4 12. Be2 Bxe2 13. Ncxe2 Bd6 14. Nf5 Ng4 15. Bf4 Bc5 16. Ned4 Nxf2 17. Kxf2 Qf6 18. Be3 Nxd4 19. Bxd4 Bxd4+ 20. Qxd4 Qxf5+ 21. Kg1 Qxc2 22. Rac1 Qf5 23. Re5 Qf6 24. Rxd5 Qxd4+ 25. Rxd4 Rac8 26. Rxc8 Rxc8 27. Rd7 Rb8 28. Kf2 g6 29. a4 a6 30.
Ke3 b5 31. a5 Re8+ 32. Kd3 Re6 33. Rb7 Kf8 34. b4 Ke8 35. Kd4 Rc6 36. Kd5 Rc4 37. Rb6 Rxb4 38. Rxa6 Rb2 39. Kd6 Kf8 40. Kc5 Rxg2 41.
Kxb5 Rxh2 42. Ra8+ Kg7 43. a6 Rb2+ 44. Kc6 Ra2 45.
Kb7 h5 46. a7 g5 47. Re8 h4 48. Re5 f6 49. Rb5 Kg6 50. Kb6 Rxa7 51. Kxa7 h3 52. Kb6 g4 53. Kc5 h2 54. Rb1 g3 55. Kd4 g2 56.
Ke3 g1=Q+ 0-1

[Event "Late-Titled-Tuesday-Blitz-October-03-2023"]
[Site "Chess.com"]
[Date "2023.10.03"]
[Round "5"]
[White "biostatistician"]
[Black "MikaelyanArman"]
[Result "1-0"]
[WhiteElo "2640"]
[BlackElo "2844"]
[TimeControl "180+1"]
[EndTime "14:54:40 PDT"]
[Termination "biostatistician won by resignation"]

1. d4 d5 2. Nf3 Nf6 3. c4 e6 4. Nc3 c6 5. Bg5 h6 6. Bxf6 Qxf6 7. e3 Nd7 8. Bd3 Bd6 9. O-O dxc4 10. Ne4 Qe7 11.
Bxc4 O-O 12. Nxd6 Qxd6 13. Qe2 b6 14. Rfd1 a5 15. Rac1 Bb7 16. e4 Qe7 17. e5 Rfd8 18.
a4 c5 19. d5 exd5 20. Bxd5 Bxd5 21. Rxd5 Nf8 22. Rcd1 Ne6 23. Qe4 Rxd5 24. Rxd5 Rd8 25. b3 Rxd5 26. Qxd5 g5 27. Nd2 Nf4 28. Qd6 Qxd6 29.
exd6 Kf8 30. Nc4 Nd5 31. g3 Ke8 32. Kg2 f5 33. Kf3 Kd7 34. Ne5+ Kxd6 35. Nf7+ Ke6 36. Nxh6 Ne7 37. h4 Kf6 38. hxg5+ Kxg5 39. Nf7+ Kf6 40. Nd6 Nc6 41. Nc4 Nd4+ 42. Ke3 Nxb3 43. Nxb6 Ke5 44.
Kd3 Kd6 45. Kc3 Nd4 46. Nc4+ Kd5 47. Nxa5 Ne2+ 48. Kd3 Nc1+ 49. Kd2 Na2 50. f3 c4 51. g4 fxg4 52. fxg4 c3+ 53. Kd3 Nb4+ 54. Kxc3 Na6 55.
Nb3 Ke4 56. Kc4 Kf4 57. Nc5 Nb8 58. Kb5 Kxg4 59. Kb6 Kf5 60. Kb7 Na6 61. Kxa6 1-0

[Event "Late-Titled-Tuesday-Blitz-October-03-2023"]
[Site "Chess.com"]
[Date "2023.10.03"]
[Round "5"]
[White "Bodhanas"]
[Black "stasOR4ik"]
[Result "0-1"]
[WhiteElo "2140"]
[BlackElo "2428"]
[TimeControl "180+1"]
[EndTime "14:54:42 PDT"]
[Termination "stasOR4ik won by checkmate"]

1. d4 d5 2. Nf3 Nf6 3. Bf4 c5 4.
e3 Nc6 5. c3 e6 6. Be2 a6 7.
O-O Bd6 8. Bxd6 Qxd6 9. Nbd2 O-O 10. Re1 e5 11. dxe5 Nxe5 12. Nxe5 Qxe5 13. Bf3 Rd8 14. Qe2 Bd7 15. e4 Bb5 16. c4 dxc4 17. Nxc4 Bxc4 18. Qxc4 Rd2 19. Rac1 Rxb2 20. Qxc5 Qxc5 21. Rxc5 Kf8 22. e5 Ne8 23. e6 fxe6 24. h3 Ke7 25. Bg4 Rb6 26.
a4 Rd8 27. a5 Rbd6 28. Rb1 R8d7 29. Bf3 Rc7 30. Rxc7+ Nxc7 31. Rxb7 Kd7 32. Rb3 Rd4 33. Kf1 Ra4 34. Rd3+ Kc8 35. Rb3 Rxa5 36. Bb7+ Kd7 37. Rd3+ Nd5 38. Ke2 Kc7 39. Bxd5 Rxd5 40. Rg3 g6 41.
Re3 Kd6 42. Ra3 a5 43. Ke3 Kc6 44. Rc3+ Kb5 45. Rc8 a4 46. Rb8+ Kc4 47. Ke4 a3 48.
Ra8 Kb4 49. f4 Ra5 50. Rb8+ Rb5 51. Ra8 Kb3 52. g4 a2 53. h4 Rb4+ 54. Ke5 Ra4 55. Rxa4 Kxa4 56. Kxe6 a1=Q 57. f5 gxf5 58. gxf5 Qh8 59.
f6 Qf8 60. f7 Kb5 61. Kf6 Kc5 62. Ke6 Kc6 63. h5 Kc7 64. Kf6 Kd7 65. h6 Kd6 66. Kg5 Ke6 67. Kh5 Qxf7+ 68. Kh4 Qg6 69. Kh3 Kf5 70. Kh2 Kf4 71. Kh1 Kf3 72. Kh2 Qg2# 0-1

[Event "Late-Titled-Tuesday-Blitz-October-03-2023"]
[Site "Chess.com"]
[Date "2023.10.03"]
[Round "5"]
[White "talaicito"]
[Black "wild3000"]
[Result "0-1"]
[WhiteElo "2180"]
[BlackElo "2413"]
[TimeControl "180+1"]
[EndTime "14:54:45 PDT"]
[Termination "wild3000 won on time"]

1. d4 Nf6 2. Nc3 d5 3. Bf4 c6 4.
e3 Bf5 5. Nf3 e6 6. Ne5 Bb4 7.
g4 Bg6 8. f3 Nbd7 9. h4 Qa5 10.
Qd2 h6 11. Nxg6 fxg6 12. Bd3 O-O-O 13. Bxg6 Rhf8 14. a3 Nb6 15. O-O Bxc3 16. Qxc3 Qxc3 17. bxc3 Nc4 18. a4 Nd7 19. Kg2 e5 20. dxe5 Ndxe5 21.
Bf5+ Rxf5 22. gxf5 Rf8 23. Bxe5 Nxe5 24. e4 Nc4 25.
Rae1 Kc7 26. Kg3 Kd6 27. Kf4 g6 28. e5+ Kd7 29. f6 Ke6 30. Rg1 Kf7 31. h5 g5+ 32. Kf5 Nd2 33. e6+ Ke8 34. f4 Ne4 35. fxg5 hxg5 36.
h6 Rxf6+ 37. Ke5 Rxh6 38. c4 Ke7 39. cxd5 cxd5 40. Kxd5 Nf6+ 41. Kc4 g4 42. Re3 Rg6 43. Kb3 Rg5 44. Rh1 g3 45. Rg1 Nh5 46. Rd1 g2 47. Rd7+ Ke8 48. Re1 g1=Q 49. Rxg1 Rxg1 50. Rxb7 Rg3+ 51.
c3 a5 52. Rb5 Ng7 53. e7 Kxe7 54. Rxa5 Ne6 55. Ra7+ Kd6 56. Rb7 Nc5+ 0-1

[Event "Late-Titled-Tuesday-Blitz-October-03-2023"]
[Site "Chess.com"]
[Date "2023.10.03"]
[Round "5"]
[White "Firouzja2003"]
[Black "JoakimVonAnd"]
[Result "1-0"]
[WhiteElo "3119"]
[BlackElo "2721"]
[TimeControl "180+1"]
[EndTime "14:54:46 PDT"]
[Termination "Firouzja2003 won by checkmate"]

1. d4 Nf6 2. Bg5 d5 3. e3 Bf5 4. c4 c6 5. Nc3 e6 6. cxd5 cxd5 7.
Nf3 Nc6 8. Bb5 Bb4 9. Ne5 Bxc3+ 10. bxc3 O-O 11. Bxc6 bxc6 12. g4 Be4 13. f3 Bg6 14. h4 h6 15. Bxf6 gxf6 16. Nxg6 fxg6 17. Qd3 f5 18. h5 Qg5 19. hxg6 fxg4 20. f4 Qf5 21. Ke2 Kg7 22. Rab1 Kxg6 23. Qxf5+ exf5 24. Rb7 h5 25.
Rc7 Rfc8 26. Rd7 Rd8 27. Rc7 Rd6 28. Kd3 Re6 29. Kd2 a5 30. Rb7 Rae8 31. Rc7 a4 32. Kc2 R8e7 33. Rc8 Rb7 34. Rg8+ Rg7 35. Rh8 Rh7 36.
Rxh7 Kxh7 37. Rxh5+ Kg6 38. Rg5+ Kf6 39. Kd3 a3 40.
Rh5 Re7 41. Rh6+ Kg7 42. Rxc6 Rb7 43. c4 dxc4+ 44. Rxc4 Rb2 45. d5 Rxa2 46. e4 g3 47. Rc7+ Kg6 48. Rc6+ Kf7 49. e5 g2 50. Rc7+ Kg6 51. Rc6+ Kh5 52. Rc1 Rf2 53. Rg1 a2 54.
e6 Rf1 55. e7 a1=Q 56. e8=Q+ Kh4 57. Qe7+ Kh3 58. Qh7+ Kg3 59. Qg6+ Kxf4 60. Qh6+ Kg3 61. Qg5+ Kh3 62. Qxg2+ Kh4 63. Qh1# 1-0

[Event "Late-Titled-Tuesday-Blitz-October-03-2023"]
[Site "Chess.com"]
[Date "2023.10.03"]
[Round "5"]
[White "GM_dmitrij"]
[Black "Mykola-Bortnyk"]
[Result "1/2-1/2"]
[WhiteElo "3058"]
[BlackElo "2953"]
[TimeControl "180+1"]
[EndTime "14:54:55 PDT"]
[Termination "Game drawn - insufficient material"]

1. d4 Nf6 2. Bf4 g6 3. e3 Bg7 4. Nf3 O-O 5. h3 b6 6. Be2 Bb7 7. O-O d6 8. Bh2 Nbd7 9. a4 a6 10. c4 Qe8 11. Nc3 e5 12. a5 exd4 13. Nxd4 Ne4 14.
Nxe4 Bxe4 15. axb6 Nxb6 16. Qd2 Qe7 17. Ra5 Bb7 18. b3 f5 19. Bf3 Be4 20. Nc6 Qe8 21. Bxe4 Qxe4 22. Nb4 Nd7 23. Rxa6 Rab8 24. Qd5+ Kh8 25.
Qxe4 fxe4 26. Nd5 Nc5 27. Rc6 Nxb3 28. Nxc7 Na5 29. Rxd6 Nxc4 30. Rd7 Rb7 31. Rxg7 Kxg7 32. Ne6+ Kf7 33. Nxf8 Kxf8 34. Rc1 Nd2 35. Be5 Rb1 36. Rxb1 Nxb1 37. Bd6+ Kf7 38. Bb4 Ke6 39. f3 exf3 40.
gxf3 Kd5 41. e4+ Kc4 42. e5 Kd5 43. f4 g5 44. fxg5 Kxe5 45. Kg2 Kf4 46. Kf2 Kxg5 47. Kg3 Kf5 48. Kh4 Kf4 49. Kh5 Kg3 50. h4 Kh3 51. Kg5 Kg3 52. Kh5 Kh3 53. Kg5 h6+ 54.
Kh5 Kg3 55. Bd6+ Kh3 56. Bb4 Kg3 57. Be7 Nc3 58. Kxh6 Nd5 59. Bg5 Nc7 60. Kg6 Kg4 61. h5 Ne6 62. h6 Nxg5 63. Kf6 Kh5 64. Kg7 Kg4 65. Kg6 Kh4 66. Kf6 Kh5 67. Kg7 Kg4 68. h7 Nxh7 1/2-1/2

[Event "Late-Titled-Tuesday-Blitz-October-03-2023"]
[Site "Chess.com"]
[Date "2023.10.03"]
[Round "5"]
[White "Triumphmate"]
[Black "Hirna2005"]
[Result "1-0"]
[WhiteElo "2500"]
[BlackElo "2297"]
[TimeControl "180+1"]
[EndTime "14:54:56 PDT"]
[Termination "Triumphmate won on time"]

1. e4 g6 2. d4 Bg7 3. Nc3 d6 4. Be3 a6 5. Qd2 b5 6. O-O-O Bb7 7. f3 Nd7 8. h4 h5 9. Nh3 Rc8 10. Ng5 c5 11. Kb1 c4 12. a3 Ngf6 13. e5 Nd5 14. e6 fxe6 15. Nxe6 Qa5 16. Nxd5 Qxd2 17. Ndc7+ Rxc7 18. Nxc7+ Kf7 19. Rxd2 Rc8 20. Ne6 Kxe6 21. g3 Kf7 22. Bh3 Rc7 23. Re1 Nf6 24. Bg5 Bxf3 25. Rf2 Bd5 26. c3 Kg8 27. Be6+ Bxe6 28. Rxe6 Kf7 29.
Rfe2 Nd5 30. Kc2 Bf8 31. R6e4 a5 32. Bd2 Bg7 33. Re1 Bf6 34. g4 hxg4 35. Rxg4 Rc8 36. Reg1 Rh8 37. Bg5 Bxg5 38. Rxg5 Nf4 39. Rxb5 Rxh4 40.
Rxa5 Rh2+ 41. Kb1 d5 42. Rb5 Kf6 43. a4 g5 44. a5 Rh8 45. Rb6+ e6 46. Re1 Ra8 47.
a6 g4 48. Rh1 g3 49. Rg1 g2 50. Kc2 Kf5 51. Kd2 Ke4 52. Ra1 Kf3 53. a7 Ne2 54. Rxe6 Rxa7 55. Rxa7 g1=Q 56. Rf6+ Nf4 57. Rxf4+ Kxf4 58. Rf7+ Ke4 59. Re7+ Kf5 60. Re5+ Kf4 61. Re2 Qg5 62. Kc2 Kf3 63. Re5 Qg6+ 64. Kc1 Qh6+ 65. Kb1 Qh1+ 66. Ka2 1-0

[Event "Late-Titled-Tuesday-Blitz-October-03-2023"]
[Site "Chess.com"]
[Date "2023.10.03"]
[Round "5"]
[White "GMForgacs"]
[Black "Likvidator228"]
[Result "1-0"]
[WhiteElo "2457"]
[BlackElo "2556"]
[TimeControl "180+1"]
[EndTime "14:54:58 PDT"]
[Termination "GMForgacs won by checkmate"]

1. e4 c5 2. Nf3 g6 3. d4 cxd4 4. Nxd4 Bg7 5. c4 Nc6 6. Be3 Nf6 7. Nc3 Ng4 8. Qxg4 Bxd4 9. Bxd4 Nxd4 10. Qd1 e5 11. Bd3 d6 12. O-O O-O 13. Ne2 Nc6 14. Qd2 Kg7 15. Rad1 Be6 16. f4 Bg4 17. f5 f6 18. h3 Bxe2 19. Qxe2 Nd4 20. Qg4 Qb6 21. Rf2 Qc7 22. b3 a6 23. Rdf1 g5 24. Be2 b5 25. h4 h6 26. Qh5 Qf7 27. Rc1 Rfc8 28. Rff1 Qxh5 29. Bxh5 bxc4 30. bxc4 Rab8 31. Rb1 Kf8 32.
Rfc1 Ke7 33. Kf2 Kd7 34. Bf7 Kc6 35. Bd5+ Kc5 36. h5 a5 37. Ke3 Rb4 38. a3 Rb3+ 39. Rxb3 Nxb3 40. Rb1 Rb8 41. a4 Rb4 42. Kd3 Nd4 43.
Ra1 Rb3+ 44. Kd2 Rb2+ 45. Kc3 Rxg2 46. Rb1 Rg3+ 47. Kd2 Rb3 48. Ra1 Kb4 49. c5 Rb2+ 50.
Kd3 dxc5 51. Rc1 Kxa4 52. Rxc5 Rh2 53. Rc7 Rxh5 54. Rf7 Rh3+ 55. Kc4 Rf3 56. Rxf6 h5 57. Rg6 g4 58. f6 Nb5 59. Bc6 Rc3+ 60. Kd5 Kb4 61.
Bxb5 Kxb5 62. f7 Rf3 63. Rg7 g3 64. Kxe5 g2 65. Ke6 h4 66. Rxg2 a4 67. Rg5+ Kb4 68.
Rf5 Rxf5 69. exf5 a3 70. f8=Q+ Kb3 71. Qb8+ Ka2 72. f6 h3 73. f7 h2 74. Qxh2+ Ka1 75.
f8=Q a2 76. Qf6+ Kb1 77. Qhb2# 1-0

[Event "Late-Titled-Tuesday-Blitz-October-03-2023"]
[Site "Chess.com"]
[Date "2023.10.03"]
[Round "5"]
[White "Abund"]
[Black "Joshukid"]
[Result "1-0"]
[WhiteElo "2785"]
[BlackElo "2566"]
[TimeControl "180+1"]
[EndTime "14:55:03 PDT"]
[Termination "Abund won on time"]

1. c4 e6 2. g3 d5 3. Bg2 Nf6 4.
Nf3 Be7 5. O-O O-O 6. b3 b6 7.
Bb2 Bb7 8. d3 Nbd7 9. Nbd2 c5 10. e3 Qc7 11. Rc1 Rac8 12. Rc2 Rfd8 13. Qa1 Qb8 14. a3 Qa8 15. Rfc1 a6 16. h3 b5 17.
cxd5 Bxd5 18. a4 Nb6 19. d4 cxd4 20. Bxd4 Rxc2 21. Rxc2 Rc8 22. Qc1 Rxc2 23. Qxc2 Nbd7 24. Ne1 bxa4 25. bxa4 Bxg2 26. Nxg2 Nd5 27. Nb3 h6 28. Na5 Nb4 29. Qc3 Nd5 30. Qc4 N7f6 31. Nc6 Bf8 32.
Nf4 Nxf4 33. exf4 Nd5 34. Ne5 Qb7 35. Qc2 Qb4 36. Bb2 Bc5 37. Nd3 Qe4 38. Qxc5 Qxd3 39.
Qd4 Qxd4 40. Bxd4 f5 41. Kf1 Kf7 42. Ke2 g6 43. Kd3 Ke7 44. Kc4 Kd6 45. Bb2 Kc6 46. Ba3 Nb6+ 47. Kb3 Kd5 48. Bb2 Nc4 49. Bc3 Nd6 50.
f3 Nb7 51. Kb4 Nc5 52. Bg7 h5 53. Bf8 Nd3+ 54. Ka5 Ne1 55. Kxa6 Kc6 56. a5 Nxf3 57. h4 Nd4 58. Ka7 Kc7 59. Bc5 Ne2 60. Bb6+ Kc8 61. Bf2 Nc3 62. Kb6 Kb8 63. a6 Ka8 64. Kc6 1-0

[Event "Late-Titled-Tuesday-Blitz-October-03-2023"]
[Site "Chess.com"]
[Date "2023.10.03"]
[Round "5"]
[White "Defenstrator"]
[Black "CraiggoryC"]
[Result "1/2-1/2"]
[WhiteElo "2429"]
[BlackElo "2282"]
[TimeControl "180+1"]
[EndTime "14:55:04 PDT"]
[Termination "Game drawn by repetition"]

1. Nh3 Nf6 2. Rg1 d5 3. e3 e5 4. g4 Nc6 5. g5 Ne4 6. d3 Bxh3 7.
dxe4 Bxf1 8. exd5 Bb5 9. a4 Ba6 10.
dxc6 Qxd1+ 11. Kxd1 O-O-O+ 12. Bd2 bxc6 13. Nc3 Bb4 14. Ke1 Rd7 15. Rg4 Rhd8 16. Rxb4 Rxd2 17. Rd1 Rxc2 18. Rxd8+ Kxd8 19. Rh4 Bd3 20. e4 Rxb2 21. Rxh7 Rc2 22. Rxg7 Rxc3 23. Kd2 Ra3 24. h4 Bxe4 25.
h5 Rh3 26. h6 Bg6 27. Rg8+ Kd7 28. Ra8 Rh5 29. Rxa7 Rxg5 30. Ra8 Rg4 31. a5 Ra4 32. a6 c5 33. f3 c4 34. a7 Kc6 35. Rh8 Rxa7 36.
h7 Bxh7 37. Rxh7 Ra3 38. Rxf7 c3+ 39. Kc2 Kd6 40. Rf6+ Kd5 41. Rf8 c5 42. Rd8+ Kc4 43. Re8 Ra2+ 44. Kc1 Kb3 45. Rb8+ Kc4 46. Re8 Kd3 47.
Rd8+ Ke3 48. Rd5 Kxf3 49. Rxe5 c4 50. Re8 Kf4 51. Re7 Kf5 52. Rc7 Ra4 53. Kc2 Ke4 54.
Kxc3 Kd5 55. Rd7+ Kc5 56. Rd8 Ra3+ 57. Kc2 Kb4 58. Rb8+ Kc5 59. Rc8+ Kd4 60. Rd8+ Kc5 61. Rc8+ Kb4 62. Rb8+ Kc5 63. Rc8+ 1/2-1/2

[Event "Late-Titled-Tuesday-Blitz-October-03-2023"]
[Site "Chess.com"]
[Date "2023.10.03"]
[Round "5"]
[White "Deeper44"]
[Black "Garmendiarov"]
[Result "0-1"]
[WhiteElo "2550"]
[BlackElo "2320"]
[TimeControl "180+1"]
[EndTime "14:55:07 PDT"]
[Termination "Garmendiarov won by checkmate"]

1. d4 Nf6 2. c4 g6 3. g3 c6 4. Nf3 d5 5. cxd5 cxd5 6. Nc3 Bg7 7.
Qb3 O-O 8. Bg5 Ne4 9. h4 h6 10. Bf4 Nxc3 11. bxc3 Nc6 12. Bg2 Na5 13. Qb4 Bf5 14.
Ne5 Rc8 15. O-O b6 16. Rfc1 Nc4 17. Nd3 Qd7 18. a4 Bh3 19. Bf3 Bg4 20. Qb5 Qxb5 21. axb5 Bxf3 22. exf3 Na5 23. Nb4 Nb3 24. Nxd5 Rfe8 25.
Rxa7 Nxc1 26. Bxc1 Bf6 27. Bxh6 Red8 28. Nxf6+ exf6 29. Bd2 Rd5 30. Rb7 Rxb5 31. Kg2 Rb2 32. Be3 Rxc3 33.
Kh3 Kg7 34. g4 b5 35. g5 Rd3 36. gxf6+ Kxf6 37. Rb6+ Kg7 38. Kg3 b4 39. Bf4 b3 40.
Be5+ Kf8 41. Bd6+ Ke8 42. Rb7 Rb1 43. Re7+ Kd8 44. Rxf7 b2 45. Rb7 Rxd4 46. Be5 Rd2 47. Kg4 Rc2 48. Kg5 Rc5 49. Kf6 Rxe5 50. Kxe5 Re1+ 51. Kf6 b1=Q 52. Rxb1 Rxb1 53. Kxg6 Rf1 54.
f4 Rxf2 55. f5 Ke7 56. h5 Rg2+ 57. Kh7 Kf6 58. h6 Kxf5 59. Kh8 Kg6 60. h7 Ra2 61. Kg8 Ra8# 0-1